 Dungeon Crawl Stone Soup version 0.25.1-8-g42b30a86e7 (webtiles) character file.

Game seed: 3178647530705171116

2301 zeroc00l the Sneak (level 9, 0/78 HPs)
             Began as a Naga Ice Elementalist on Dec 14, 2020.
             Was a Follower of Vehumet.
             Slain by a mummy (16 damage)
             ... in an ossuary.
             The game lasted 00:33:11 (7838 turns).

zeroc00l the Sneak (Naga Ice Elementalist)          Turns: 7838, Time: 00:33:12

Health: 0/78       AC: 10    Str: 11    XL:     9   Next: 40%
Magic:  9/13       EV:  9    Int: 19    God:    Vehumet [*.....]
Gold:   285        SH:  5    Dex: 17    Spells: 3/14 levels left

rFire    . . .     SeeInvis +   a - +4 scythe (venom)
rCold    . . .     Gourm    .   (shield currently unavailable)
rNeg     . . .     Faith    .   p - +0 leather armour
rPois    +         Spirit   .   v - +0 helmet
rElec    .         Reflect  +   K - +0 cloak {Stlth+}
rCorr    .         Harm     .   (no gloves)
MR       +....                  F - +0 naga barding
Stlth    +++.......             j - amulet of reflection
HPRegen  0.23/turn              x - +6 ring of dexterity
MPRegen  0.13/turn              A - ring of wizardry

@: very slow
A: large, see invisible, deformed body, poison resistance, slowness 2, slow
metabolism 1, spit poison 1, AC +3
a: Spit Poison, Renounce Religion


You were in an ossuary.
You worshipped Vehumet.
Vehumet was aware of your devotion.
You were not hungry.

You visited 2 branches of the dungeon, and saw 8 of its levels.
You also visited: Ossuary.

You collected 327 gold pieces.
You spent 42 gold pieces at shops.

Inventory:

Hand Weapons
 a - a +4 scythe of venom (weapon)
 b - a +1 dagger of flaming
 d - a +3 halberd of freezing
 f - a +4 trident
 s - a +0 dagger of venom
 y - the +0 mace of False Accusations {flame, +Fly}
   (You found it on level 4 of the Dungeon)

   It has been specially enchanted to burn those struck by it, causing extra
   injury to most foes and up to half again as much damage against particularly
   susceptible opponents.
   It lets you fly.
 B - the +3 hand axe of Intimidation {elec, rN+}
   (You found it on level 5 of the Dungeon)

   Occasionally, upon striking a foe, it will discharge some electrical energy
   and cause terrible harm.
   It protects you from negative energy.
 E - a +1 trident of protection
 G - a +2 quarterstaff of chaos
Missiles
 l - 40 poisoned darts (quivered)
Armour
 p - a +0 leather armour (worn)
 v - a +0 helmet (worn)
 w - a scarf of invisibility
 F - a +0 naga barding (worn)
 K - a +0 cloak of stealth (worn)
Jewellery
 j - an amulet of reflection (around neck)
 o - an uncursed ring of flight
 x - a +6 ring of dexterity (left hand)
 A - a ring of wizardry (right hand)
Wands
 e - a wand of flame (13)
 i - a wand of acid (4)
 C - a wand of paralysis (9)
Scrolls
 g - 10 scrolls of identify
 k - 6 scrolls of remove curse
 q - 5 scrolls of teleportation
 I - a scroll of enchant armour {unknown}
 J - 3 scrolls of silence {unknown}
Potions
 h - a potion of might
 m - a potion of brilliance {unknown}
 n - 2 potions of curing {unknown}
 t - a potion of heal wounds {unknown}
 u - 2 potions of flight {unknown}
 z - 2 potions of degeneration {unknown}
 H - a potion of resistance {unknown}
Comestibles
 c - 14 rations
 L - 3 chunks of flesh


   Skills:
 + Level 4.0 Fighting
 + Level 5.1 Polearms
 - Level 3.1 Dodging
 - Level 7.0 Stealth
 + Level 3.0 Spellcasting
 - Level 6.0 Summonings
 + Level 6.9 Ice Magic


You had 3 spell levels left.
You knew the following spells:

 Your Spells              Type           Power        Failure   Level  Hunger
a - Freeze                Ice            ####         1%          1    None
b - Frozen Ramparts       Ice            ####..       1%          3    ###....
c - Ozocubu's Armour      Chrm/Ice       ###.....     6%          3    ###....
d - Summon Ice Beast      Ice/Summ       ####....     6%          4    ####...

Your spell library contained the following spells:

 Spells                   Type           Power        Failure   Level  Hunger
 Sandblast                Erth           #.....       9%          1    None
 Hailstorm                Conj/Ice       ###.....     19%         4    ####...


Dungeon Overview and Level Annotations

Branches:
Dungeon (7/15)             Temple (1/1) D:5         Ossuary (1/1)

Altars:
Fedhas
Gozag
Nemelex Xobeh
Okawaru
Ru
Trog
Vehumet
Wu Jian
Xom
Yredelemnul
Zin

Shops:
D:5 ?


Innate Abilities, Weirdness & Mutations

You cannot wear boots.
Your serpentine skin is tough. (AC +3)
You have supernaturally acute eyesight. (SInv)
Armour fits poorly on your strangely shaped body.
Your system is resistant to poisons. (rPois)
You cover ground very slowly.
You have a slow metabolism.
You can spit poison.


Message History

You block the mummy's attack. The mummy hits you.
* * * LOW HITPOINT WARNING * * *
The mummy closely misses you. The troll zombie closely misses you.
You block the troll zombie's attack.
The troll zombie claws you but does no damage.
The mummy closely misses you.
Okay, then.
Okay, then.
Unknown command.
Unknown command.
Your icy armour cracks and falls away as you move.
You hit the mummy.
You destroy the mummy!
Vehumet accepts your kill.
You feel your power returning. You block the mummy's attack.
The mummy hits you!
* * * LOW HITPOINT WARNING * * *
The mummy barely misses you. The mummy hits you!
You die...

.....?!!..... ....??$?!...
##..?$∩$?..#####
....?!$!!.......
.....!!?........
................
.......M........
#####.....#MM'...###
#.........#@Z....... #..+
#....#....#....#....
#..###....#....#....# ...
#..#.#....#....#....# ..
#..#.###'###'###'#### #
#..#...#...#...#...#
#..###'###'###'###'###+##
#.........................
#∩........................


You could see 3 mummies and a troll zombie.

Vanquished Creatures
  Sigmund (D:3)
  Eustachio (D:5)
  2 sky beasts (D:6)
  A black bear (D:7)
  An ice beast (D:6)
  2 orc warriors (D:6)
  An ogre (D:5)
  A centaur (D:5)
  2 bullfrogs (D:6)
  A gnoll sergeant (D:6)
  2 scorpions
  A water moccasin skeleton (D:5)
  4 wights (D:6)
  A howler monkey (D:6)
  A crimson imp (D:6)
  A centaur zombie (Ossuary)
  A hound (D:6)
  Crazy Yiuf (D:6)
  3 orc wizards
  2 jellies
  Terence (D:3)
  An iguana (D:5)
  2 worker ants (D:6)
  An ogre zombie (Ossuary)
  A hound zombie (D:6)
  A mummy (Ossuary)
  Robin (D:3)
  12 gnolls
  A howler monkey skeleton (D:5)
  8 adders
  2 shadow imps (D:5)
  2 oozes
  2 adder zombies (Ossuary)
  2 worms (D:3)
  2 dart slugs (D:2)
  3 leopard geckos
  13 orcs
  3 ball pythons
  6 giant cockroaches
  19 goblins
  12 hobgoblins
  9 jackals
  9 kobolds
  5 quokkas
  4 bats
  6 frilled lizards
  A goblin zombie (Ossuary)
  2 kobold zombies (Ossuary)
  2 leopard gecko skeletons (D:4)
  A quokka zombie (Ossuary)
  9 rats
  2 rat zombies (Ossuary)
  A fungus (D:6)
176 creatures vanquished.

Vanquished Creatures (collateral kills)
  A mummy (Ossuary)
1 creature vanquished.

Grand Total: 177 creatures vanquished

Notes
Turn   | Place    | Note
-------+----------+-------------------------------------------
     0 | D:1      | zeroc00l the Naga Ice Elementalist began the quest for the
                  | Orb.
     0 | D:1      | Reached XP level 1. HP: 15/15 MP: 3/3
   399 | D:1      | Reached XP level 2. HP: 22/22 MP: 3/5
   783 | D:1      | Reached XP level 3. HP: 27/28 MP: 4/6
   788 | D:1      | Learned a level 3 spell: Frozen Ramparts
  1145 | D:1      | Reached skill level 4 in Stealth
  1568 | D:2      | Reached XP level 4. HP: 33/36 MP: 3/7
  1595 | D:2      | Learned a level 3 spell: Ozocubu's Armour
  2392 | D:2      | Reached XP level 5. HP: 34/42 MP: 7/9
  2621 | D:2      | Found an ornate altar of the Wu Jian Council.
  2678 | D:2      | Reached skill level 5 in Stealth
  2893 | D:3      | Noticed Terence
  2905 | D:3      | Killed Terence
  3048 | D:3      | Reached skill level 1 in Fighting
  3048 | D:3      | Reached XP level 6. HP: 43/51 MP: 6/10
  3054 | D:3      | Learned a level 4 spell: Summon Ice Beast
  3179 | D:3      | Noticed Sigmund
  3188 | D:3      | Killed Sigmund
  3188 | D:3      | Reached skill level 6 in Stealth
  3188 | D:3      | Reached skill level 1 in Summonings
  3188 | D:3      | Reached skill level 5 in Ice Magic
  3458 | D:3      | Noticed Robin
  3463 | D:3      | Killed Robin
  3550 | D:3      | Reached XP level 7. HP: 53/57 MP: 7/11
  3673 | D:3      | Found a glowing silver altar of Zin.
  3673 | D:3      | Found an opulent altar of Gozag.
  3831 | D:4      | Found a radiant altar of Vehumet.
  3843 | D:4      | Became a worshipper of Vehumet
  4261 | D:4      | Got a crude mace
  4262 | D:4      | Identified the +0 mace of False Accusations {flame, +Fly}
                  | (You found it on level 4 of the Dungeon)
  4505 | D:5      | Entered Level 5 of the Dungeon
  4533 | D:5      | Found a sacrificial altar of Ru.
  4557 | D:5      | Reached skill level 1 in Polearms
  4626 | D:5      | Found an iron altar of Okawaru.
  4634 | D:5      | Got a bloodstained hand axe
  4740 | D:5      | Identified the +3 hand axe of Intimidation {elec, rN+} (You
                  | found it on level 5 of the Dungeon)
  4751 | D:5      | Found a staircase to the Ecumenical Temple.
  4763 | Temple   | Entered the Ecumenical Temple
  4802 | D:5      | Noticed Eustachio
  4810 | D:5      | Killed Eustachio
  5262 | D:5      | Reached XP level 8. HP: 52/67 MP: 8/12
  5540 | D:5      | Found Qyceem's Magic Scroll Shop.
  5559 | D:5      | Bought a scroll of teleportation for 42 gold pieces
  5587 | D:5      | Reached skill level 7 in Stealth
  5754 | D:5      | Found a blossoming altar of Fedhas.
  5755 | D:5      | Found a bloodstained altar of Trog.
  6765 | D:6      | Reached skill level 5 in Summonings
  7011 | D:6      | Reached XP level 9. HP: 76/76 MP: 13/13
  7103 | D:6      | Reached * piety under Vehumet
  7103 | D:6      | Offered knowledge of Sandblast by Vehumet.
  7590 | D:6      | Found a runed translucent door.
  7591 | D:6      | Noticed Crazy Yiuf
  7598 | D:6      | Killed Crazy Yiuf
  7683 | D:7      | Found a shimmering altar of Xom.
  7691 | D:7      | Reached skill level 5 in Polearms
  7708 | D:7      | Found a sand-covered staircase.
  7712 | Ossuary  | Entered an ossuary
  7838 | Ossuary  | Slain by a mummy

Illustrated notes

Levels and vault maps discovered:
D:1:      nicolae_arrival_washed_ashore, layout_loops_ring
D:2:      minmay_wonky_spiral, layout_rooms, lemuel_coloured_pillars_altar
D:3:      layout_basic, grunt_temple_overflow_gold_and_silver, first_ration,
          saegor_snake_ambush, uniq_terence, uniq_robin, uniq_sigmund
D:4:      layout_loops_cross, vehumet_altar_wand_db
D:5:      layout_basic, okawaru_ov_weapons_minmay,
          nicolae_ru_sacrificial_ziggurat, gammafunk_temple_overflow_pools,
          minmay_temple_entry_tees, serial_shops, shop, uniq_eustachio
D:6:      layout_loops_ring, uniq_crazy_yiuf_cottage
D:7:      layout_basic, lemuel_crystal_altar, lightli_bailey_entry_fortress,
          enter_ossuary_5
Temple:   nicolae_temple_hex_pool
Ossuary:  ossuary_boxes_badplayer

Skill      XL: |  1  2  3  4  5  6  7  8  9 |
---------------+----------------------------+-----
Dodging        | 2 3 |  3.1
Stealth        | 4 5 6 7 |  7.0
Spellcasting   | 3 |  3.0
Fighting       | 1 2 3 4 |  4.0
Summonings     | 2 3 5 6 |  6.0
Ice Magic      | 5 6 |  6.9
Polearms       | 2 4 5 |  5.1

Action                   |  1- 3 |  4- 6 |  7- 9 || total
-------------------------+-------+-------+-------++-------
Melee: Dagger            |    55 |    98 |       ||   153
       Scythe            |       |    17 |   186 ||   203
Throw: Dart              |       |     7 |     6 ||    13
 Cast: Freeze            |    21 |    11 |    28 ||    60
       Frozen Ramparts   |       |     4 |     5 ||     9
       Summon Ice Beast  |       |       |     2 ||     2
       Ozocubu's Armour  |       |       |     2 ||     2
 Abil: Spit Poison       |    15 |    24 |    12 ||    51
Evoke: Wand              |       |       |     5 ||     5
  Use: Potion            |     1 |       |       ||     1
       Scroll            |     1 |     2 |     4 ||     7
 Stab: Sleeping          |     2 |     5 |    22 ||    29
  Eat: Chunk             |     2 |     7 |    13 ||    22
Armor: Skin              |     3 |       |       ||     3
       Robe              |     4 |    13 |       ||    17
       Leather armour    |       |    10 |    74 ||    84
Dodge: Dodged            |    34 |    61 |   100 ||   195
Block: Other             |    11 |    44 |    61 ||   116
       Reflection        |       |     5 |     4 ||     9
